 Dungeon Crawl Stone Soup version 0.18-a0-1542-g9c1a92e (webtiles) character file.

31297 sbjvksfvbljs the Fighter (level 13, 0/102 HPs)
             Began as a Mummy Fighter on Mar 10, 2016.
             Was an Initiate of Gozag.
             Splashed by an oklob plant's acid (11 damage)
             ... on level 6 of the Lair of Beasts.
             The game lasted 00:58:20 (22240 turns).

sbjvksfvbljs the Fighter (Mummy Fighter)           Turns: 22240, Time: 00:58:21

Health: 0/102      AC:  0    Str: 24    XL:     13   Next: 25%
Magic:  22/22      EV: 15    Int: 13    God:    Gozag
Gold:   245        SH: 12    Dex: 16    Spells: 0 memorised, 12 levels left

rFire  + . .     SeeInvis +     H - +3 flail "Paxeyvec" {drain, +Rage MR+ MP+9}
rCold  + . .     Gourm    .     j - +3 salamander hide armour {+Rage rF++}
rNeg   + + +     Faith    .     c - +0 shield
rPois  ∞         Spirit   .     F - +1 helmet {Int+3}
rElec  .         Dismiss  .     E - +1 cloak "Ontad" {-Tele Regen+ Int+3 Dex+4}
rCorr  .         Reflect  .     (no gloves)
SustAt .         Harm     .     z - +2 pair of boots {Fly}
MR     ++...     NoTele   +     (no amulet)
Stlth  +.........               D - ring of positive energy
                                f - ring of see invisible

@: corroded equipment, flying, very resistant to hostile enchantments, very
unstealthy
A: no food or potions, fire vulnerability, cold resistance 1, negative energy
resistance 3, torment resistance, unbreathing, in touch with death 1, restore
body
a: Self-Restoration, Potion Petition, Call Merchant, Bribe Branch, Renounce
Religion, Stop Flying


You were on level 6 of the Lair of Beasts.
You worshipped Gozag.
Gozag was noncommittal.
You were not hungry.

You visited 3 branches of the dungeon, and saw 17 of its levels.
You also visited: Ossuary.

You collected 4013 gold pieces.
You spent 1677 gold pieces at shops.
You paid 2091 gold pieces to Gozag.

Inventory:

Hand Weapons
 a - a +3 war axe
 m - the +6 mace of the Many Blessings {speed, Dex+4}
   (You bought it in a shop on level 6 of the Dungeon)

   Attacks with this weapon are significantly faster.
   It affects your dexterity (+4).
 u - a +0 whip of electrocution
 B - a +5 war axe
 H - the +3 flail "Paxeyvec" (weapon) {drain, +Rage MR+ MP+9}
   (You bought it in a shop on level 5 of the Lair of Beasts)

   A truly terrible weapon, it drains the life of those it strikes.
   It affects your resistance to hostile enchantments.
   It affects your magic capacity (+9).
   It lets you go berserk.
Missiles
 i - 5 tomahawks of returning (quivered)
Armour
 b - a +2 scale mail
 c - a +0 shield (worn)
 j - the +3 salamander hide armour (worn) {+Rage rF++}
   (You found it on level 5 of the Lair of Beasts)

   It greatly protects you from fire.
   It lets you go berserk.
 k - a +0 chain mail
 w - a +2 cloak
 z - a +2 pair of boots of flying (worn)
 E - the +1 cloak "Ontad" (worn) {-Tele Regen+ Int+3 Dex+4}
   (You found it on level 3 of the Lair of Beasts)

   It affects your intelligence (+3).
   It affects your dexterity (+4).
   It prevents most forms of teleportation.
   It increases your rate of regeneration.
 F - a +1 helmet of intelligence (worn)
Jewellery
 f - a ring of see invisible (left hand)
 D - a ring of positive energy (right hand)
Wands
 h - a wand of digging (6/24)
 n - a wand of paralysis (10/24)
 r - a wand of teleportation (1/9)
 s - a wand of acid (3/15)
 t - a wand of digging (11/24)
 v - a wand of acid (7/15)
 x - a wand of slowing (21/48)
 C - a wand of lightning (4/15)
Scrolls
 d - 10 scrolls of identify
 e - 4 scrolls of fog
 g - 5 scrolls of remove curse
 l - a scroll of magic mapping
 q - 3 scrolls of fear
 y - 5 scrolls of teleportation
Books
 o - a book of Air

   Spells                             Type                      Level
   a - Shock                          Conjuration/Air              1
   b - Swiftness                      Charms/Air                   2
   c - Repel Missiles                 Charms/Air                   2
   d - Static Discharge               Conjuration/Air              3
   e - Lightning Bolt                 Conjuration/Air              5
 p - a book of Envenomations

   Spells                             Type                      Level
   a - Spider Form                    Transmutation/Poison         3
   b - Olgreb's Toxic Radiance        Poison                       4
   c - Alistair's Intoxication        Transmutation/Poison         5
   d - Poisonous Cloud                Conjuration/Poison/Air       6
 A - a book of Spatial Translocations

   Spells                             Type                      Level
   a - Apportation                    Translocation                1
   b - Blink                          Translocation                2
   c - Shroud of Golubria             Charms/Translocation         2
   d - Portal Projectile              Translocation                3
   e - Teleport Other                 Translocation                3
   f - Passage of Golubria            Translocation                4


   Skills:
 + Level 9.6 Fighting
 + Level 8.3(10.1) Axes
 * Level 9.1(10.4) Maces & Flails
 + Level 7.9 Armour
 + Level 7.7 Dodging
 + Level 7.8 Shields


You had 12 spell levels left.
You didn't know any spells.

Dungeon Overview and Level Annotations

Branches:
Dungeon (10/15)            Temple (1/1) D:6            Lair (6/8) D:10
 Shoals (0/4) Lair:5        Snake (0/4) Lair:4        Slime (0/6) Lair:6
    Orc: D:9-12

Altars:
Ashenzari
Cheibriados
Dithmenos
Elyvilon
Fedhas
Gozag
Kikubaaqudgha
Makhleb
Nemelex Xobeh
Okawaru
Pakellas
Qazlal
Ru
Sif Muna
Trog
Vehumet
Xom
Yredelemnul
Zin
The Shining One

Shops:
D:6 *   D:8 !   D:10 [   Lair:2 (   Lair:5 (

Annotations:
Lair:6 exclusion: 3 oklob plants


Innate Abilities, Weirdness & Mutations

You do not eat or drink.
Your flesh is vulnerable to fire.
You are immune to poison.
Your flesh is cold resistant.
You are immune to negative energy.
You are immune to unholy pain and torment.
You can survive without breathing.
You are in touch with the powers of death.
You can restore your body by infusing magical energy.


Message History

The acid corrodes the fungus!
The oklob plant spits acid at you. You block the splash of acid.
You see here 2 grey potions.
The oklob plant spits acid at you. The splash of acid hits you!
The acid corrodes you!
The acid burns!
The oklob plant spits acid at you. The splash of acid hits you!
The acid corrodes you!
The acid burns!
Unknown command.
The oklob plant spits acid at you. The splash of acid hits you!
The acid burns!
The oklob plant spits acid at you. The splash of acid hits you!
The acid corrodes you!
The acid burns!
* * * LOW HITPOINT WARNING * * *
The oklob plant spits acid at you. The splash of acid hits you!
* * * LOW HITPOINT WARNING * * *
The acid corrodes you!
The acid burns!
You die...
Your body crumbles into a pile of gold.

.....##..#....###.......
..... #. #.#...P.##.....
.....### ###P....#......
.........### ##...........
....P......# #.#.......[..
....#.....P ####.........
....P.P...#### #..##......
......#....#.####.##.><...
.......P.@...P####........
......P..#.....# ##.......
.........#.....###........
.P.......##......#........
....P.P..P##..............
.....>P...#.#.............
......(...#.....#.........
.................#.P......
..........................


You could see 3 oklob plants.

Vanquished Creatures
  Harold (Lair:1)
  3 hydras
  Erica (Lair:1)
  Pikel (D:6)
  A griffon (Lair:2)
  2 elephants (Lair:5)
  Maurice (D:9)
  A black mamba (Lair:2)
  A torpor snail (Lair:4)
  12 spiny frogs
  A rime drake (Lair:6)
  7 komodo dragons
  2 merfolk (Lair:5)
  A troll (D:10)
  7 polar bears
  5 blink frogs (Lair:1)
  2 wyverns
  28 yaks
  Grum (Lair:1)
  4 hippogriffs
  A steam dragon (D:8)
  A hungry ghost (D:7)
  13 wolves
  2 nagas (Lair:4)
  2 hell hounds (D:10)
  Duvessa (D:7)
  10 water moccasins
  A sky beast (D:5)
  15 porcupines
  A black bear (D:9)
  A wasp (D:10)
  3 orc warriors
  2 phantoms
  2 ice beasts
  4 necrophages
  An ogre (D:8)
  4 centaurs
  5 crocodiles
  2 big kobolds
  14 giant frogs
  Dowan (D:7)
  6 scorpions
  2 electric eels (Lair:5)
  16 wights
  A howler monkey (D:5)
  4 crimson imps
  A centaur zombie (D:6)
  3 jellies (D:8)
  2 orc priests
  7 hounds
  12 orc wizards
  Jessica (D:2)
  8 iguanas
  9 worker ants
  25 sheep
  2 big kobold zombies (Ossuary)
  A hound zombie (D:8)
  A mummy (Ossuary)
  Robin (D:3)
  A worker ant zombie (D:5)
  11 gnolls
  17 adders
  65 river rats
  12 white imps (Lair:2)
  An adder zombie (D:8)
  7 oozes
  An adder skeleton (D:9)
  3 worms
  2 dart slugs (D:3)
  11 giant geckos
  33 orcs
  2 spectral bats (Ossuary)
  A ball python (D:3)
  5 giant cockroaches
  8 gnoll zombies (Ossuary)
  19 goblins
  8 hobgoblins
  18 jackals
  3 quokkas
  9 bats
  4 bat simulacra (Ossuary)
  8 giant newts
  4 goblin simulacra (Ossuary)
  A goblin zombie (Ossuary)
  6 hobgoblin zombies (Ossuary)
  A jackal skeleton (D:6)
  14 kobolds
  A kobold simulacrum (Ossuary)
  5 kobold zombies (Ossuary)
  6 orc zombies (Ossuary)
  A quokka skeleton (D:4)
  10 rats
  4 rat simulacra (Ossuary)
  3 spectral goblins (Ossuary)
  A spectral kobold (Ossuary)
  A spectral rat (Ossuary)
577 creatures vanquished.

Vanquished Creatures (others)
  A hound skeleton (D:6)
  5 fungi
  A plant (Lair:1)
7 creatures vanquished.

Grand Total: 584 creatures vanquished

Notes
Turn   | Place    | Note
--------------------------------------------------------------
     0 | D:1      | sbjvksfvbljs the Mummy Fighter began the quest for the Orb.
     0 | D:1      | Reached XP level 1. HP: 18/18 MP: 1/1
   150 | D:1      | Reached XP level 2. HP: 24/24 MP: 2/2
   778 | D:2      | Reached XP level 3. HP: 18/29 MP: 3/3
   990 | D:2      | Noticed Jessica
  1009 | D:2      | Killed Jessica
  1009 | D:2      | Reached skill level 1 in Dodging
  1009 | D:2      | Reached XP level 4. HP: 13/37 MP: 4/4
  1223 | D:2      | Found a radiant altar of Vehumet.
  1471 | D:3      | Reached XP level 5. HP: 21/42 MP: 5/5
  1762 | D:3      | Found a sparkling altar of Nemelex Xobeh.
  1800 | D:3      | Noticed Robin
  1855 | D:3      | Killed Robin
  2279 | D:3      | Found a shimmering altar of Xom.
  2472 | D:3      | Reached XP level 6. HP: 41/48 MP: 6/6
  3438 | D:5      | Entered Level 5 of the Dungeon
  3503 | D:5      | Reached XP level 7. HP: 53/55 MP: 7/7
  3660 | D:5      | Reached skill level 5 in Fighting
  3669 | D:5      | Found a sand-covered staircase.
  3696 | Ossuary  | Entered an ossuary
  4891 | D:5      | Reached XP level 8. HP: 8/62 MP: 8/8
  5294 | D:5      | Found a shattered altar of Ashenzari.
  5697 | D:6      | Found Saebbur's Assorted Antiques.
  5713 | D:6      | Found a basalt altar of Yredelemnul.
  5734 | D:6      | Bought a shimmering mace for 184 gold pieces
  5734 | D:6      | Identified the +6 mace of the Many Blessings {speed, Dex+4} (You bought it in a shop on level 6 of the Dungeon)
  5783 | D:6      | Noticed Pikel
  5783 | D:6      | Found a staircase to the Ecumenical Temple.
  5794 | D:6      | Killed Pikel
  5828 | Temple   | Entered the Ecumenical Temple
  5857 | Temple   | Became a worshipper of Gozag Ym Sagoz the Greedy
  6020 | D:6      | Reached skill level 5 in Axes
  6699 | D:7      | Reached XP level 9. HP: 65/69 MP: 9/9
  6773 | D:7      | Noticed Dowan
  6774 | D:7      | Noticed Duvessa
  6797 | D:7      | Killed Duvessa
  6816 | D:7      | Killed Dowan
  7898 | D:8      | Reached skill level 5 in Shields
  8346 | D:8      | Reached skill level 5 in Armour
  8396 | D:8      | Found a stormy altar of Qazlal.
  8622 | D:8      | Found a snail-covered altar of Cheibriados.
  8998 | D:8      | Found a shimmering altar of Xom.
  9042 | D:8      | Found Pifidian's Distillery.
  9263 | D:9      | Reached XP level 10. HP: 75/77 MP: 10/10
  9320 | D:9      | Noticed Maurice
  9322 | D:9      | Found an oddly glowing altar of Pakellas.
  9333 | D:9      | Killed Maurice
  9526 | D:9      | Found a shadowy altar of Dithmenos.
  9847 | D:9      | Reached skill level 5 in Maces & Flails
  9854 | D:9      | Reached skill level 5 in Dodging
 10464 | D:9      | Found a deep blue altar of Sif Muna.
 10464 | D:9      | Found a glowing golden altar of the Shining One.
 10570 | D:10     | Entered Level 10 of the Dungeon
 10577 | D:10     | Bought a +1 pair of boots of flying for 198 gold pieces
 10647 | D:10     | Found a shimmering altar of Xom.
 11381 | D:10     | Found a staircase to the Lair.
 12525 | Lair:1   | Entered Level 1 of the Lair of Beasts
 12581 | D:10     | Reached XP level 11. HP: 58/86 MP: 11/11
 13989 | Lair:1   | Noticed Erica
 14017 | Lair:1   | Killed Erica
 14092 | Lair:1   | Noticed Grum
 14137 | Lair:1   | Killed Grum
 15352 | Lair:2   | Found a frozen archway.
 15698 | Lair:1   | Noticed Harold
 15713 | Lair:1   | Killed Harold
 16160 | Lair:2   | Noticed a griffon
 16182 | Lair:2   | Killed a griffon
 16456 | Lair:2   | Reached XP level 12. HP: 47/94 MP: 12/12
 17419 | Lair:2   | Bought a crystal glaive for 356 gold pieces
 17419 | Lair:2   | Bought a translucent hand crossbow for 263 gold pieces
 17420 | Lair:2   | Identified the cursed +0 glaive "Gaedum Tiff" {vamp, rF+ Int+2 SInv} (You bought it in a shop on level 2 of the Lair of Beasts)
 17421 | Lair:2   | Identified the cursed +1 hand crossbow "Ocwaysai" {flame, Str+4 Stlth+} (You bought it in a shop on level 2 of the Lair of Beasts)
 18473 | Lair:3   | Got a pitted cloak
 18484 | Lair:3   | Identified the +1 cloak "Ontad" {-Tele Regen+ Int+3 Dex+4} (You found it on level 3 of the Lair of Beasts)
 18763 | Lair:4   | Found a runed door.
 18792 | Lair:4   | Noticed a four-headed hydra
 18820 | Lair:4   | Killed a four-headed hydra
 19018 | Lair:4   | Found a staircase to the Snake Pit.
 20330 | Lair:5   | Found a staircase to the Shoals.
 20642 | Lair:5   | Noticed a seven-headed hydra
 20653 | Lair:5   | Killed a seven-headed hydra
 21014 | Lair:5   | Gained mutation: You are in touch with the powers of death. [Mummy growth]
 21014 | Lair:5   | Gained mutation: You can restore your body by infusing magical energy. [Mummy growth]
 21014 | Lair:5   | Reached XP level 13. HP: 101/101 MP: 13/13
 22111 | Lair:5   | Bought a steaming hand axe for 328 gold pieces
 22111 | Lair:5   | Bought a crystal flail for 348 gold pieces
 22111 | Lair:5   | Identified the cursed +1 hand axe "Xotax" {drain, rElec rC- MR++} (You bought it in a shop on level 5 of the Lair of Beasts)
 22115 | Lair:5   | Identified the cursed +3 flail "Paxeyvec" {drain, +Rage MR+ MP+9} (You bought it in a shop on level 5 of the Lair of Beasts)
 22234 | Lair:6   | Found a staircase to the Slime Pits.
 22240 | Lair:6   | Splashed by an oklob plant's acid

Vault maps used:
D:1:      saegor_arrival_simple_b
D:2:      lemuel_crystal_altar, first_bread, uniq_jessica
D:3:      lemuel_crystal_altar, lemuel_round_altar, st_stairs_2, minmay_cupped,
          uniq_robin
D:4:      serial_glass, glass_columns_a, glass_columns_a, glass_columns_a,
          glass_columns_b, glass_columns_a, glass_columns_a, glass_columns_c,
          glass_columns_a, glass_columns_a, glass_columns_a,
          roderic_roman_lattice
D:5:      cheibrodos_ashenzari_chains, enter_ossuary_5
D:6:      minmay_temple_entry_large_hall, serial_shops, shop_statue,
          basic_altar, serial_corexii_hall, corexii_hall_statues_l,
          corexii_hall_statues_x, corexii_hall_statues_s, minivault_22,
          uniq_pikel
D:7:      uniq_duvessa
D:8:      cheibriados_altar_1, serial_shops, nicolae_shop_statue_plus,
          basic_altar, hangedman_little_slice_of_home, tgw_xom
D:9:      gammafunk_temple_overflow_pools, lemuel_doored_altar,
          nicolae_dithmenos_shadow_blocks, uniq_maurice
D:10:     minmay_lair_entry_lava, basic_altar, minmay_misc_feat_doors
Temple:   circular_temple_pool_12
Lair:1:   beast_lair_carwin_2, uniq_erica, uniq_harold, uniq_grum
Lair:2:   portal_ice_cave_entry_imps, beast_lair_carwin_9, lemuel_fruit_fields
Lair:3:   roderic_carrion_pond, infiniplex_staircase_pool_2
Lair:4:   guppyfry_snake_entry_island, minivault_26, pf_torpor_hydra
Lair:5:   elwin_shoals_entry_rooms, cheibrodos_lair_caveside_slide, st_stairs_3,
          beast_lair_carwin_7
Lair:6:   dragon1_lemuel, minmay_slime_entry_oklob_open, uniq_josephine,
          uniq_maud, uniq_snorg
Ossuary:  ossuary_zaba_two_paths

Skill      XL: |  1  2  3  4  5  6  7  8  9 10 11 12 13 |
---------------+----------------------------------------+-----
Axes           | 2 3 4 5 6 7 8 |  8.3
Dodging        | 1 2 3 4 5 6 7 |  7.7
Shields        | 3 4 5 6 7 |  7.8
Fighting       | 4 5 6 7 8 9 |  9.6
Armour         | 3 4 5 6 7 |  7.9
Maces & Flails | 2 4 5 7 8 9 |  9.1

Action                   |  1- 3 |  4- 6 |  7- 9 | 10-12 | 13-15 || total
-------------------------+-------+-------+-------+-------+-------++-------
Melee: War axe           |   109 |   277 |   252 |   162 |       ||   800
       Mace              |       |       |   356 |  1199 |   218 ||  1773
       Flail             |       |       |       |       |    35 ||    35
Invok: Call Merchant     |       |       |       |     2 |     1 ||     3
       Potion Petition   |       |       |       |     1 |       ||     1
 Abil: Stop Flying       |       |       |       |     1 |       ||     1
       Evoke Flight      |       |       |       |     1 |       ||     1
Evoke: Wand              |       |       |       |     3 |       ||     3
  Use: Scroll            |     3 |     4 |     5 |    14 |     2 ||    28
 Stab: Distracted        |       |       |     3 |     8 |     1 ||    12
       Sleeping          |       |       |       |       |     1 ||     1
